 Dungeon Crawl Stone Soup version 0.17-a0-2073-gde5cdba (webtiles) character file.

366880 4thArraOfDagon the Tortoise (level 21, -24/159 (160) HPs)
             Began as a Minotaur Gladiator on Oct 14, 2015.
             Was a High Priest of Qazlal.
             Killed from afar by a spellforged servitor (45 damage)
             ... with an iron shot
             ... summoned by Frederick
             ... on level 4 of the Vaults on Oct 15, 2015.
             The game lasted 02:38:03 (22104 turns).

4thArraOfDagon the Tortoise (Minotaur Gladiator)   Turns: 22104, Time: 02:38:03

HP:   -24/159 (160) AC: 34    Str: 21    XL:     21   Next: 26%
MP:   7/39          EV: 19    Int: 17    God:    Qazlal [*****.]
Gold: 2523          SH:  7    Dex: 17    Spells: 8 memorised, 15 levels left

rFire  + . .     SeeInvis +     N - +7 great mace of Defenestration {speed, MP+9 Int+3 Dex+6}
rCold  + . .     Clarity  .     a - +7 Kryia's mail coat {DeviceHeal*2 rC+}
rNeg   + . .     SustAt   .     (no shield)
rPois  .         Gourm    .     c - +2 hat
rElec  +         Spirit   .     x - +0 cloak
rCorr  .         Warding  +     u - +0 pair of gloves of Elitism {Int+2 SInv}
rMut   .         Rnd*Tele +     M - +2 pair of boots
MR     ++...                    S - amulet "Toomukoc" {Ward +Fly rF+ rN+ Dex-2 SInv}
Stlth  ..........               B - ring of protection from magic
                                W - ring "Zatehono" {rElec SInv}

@: about to teleport, protected from physical damage, repel missiles, very
resistant to hostile enchantments, extremely unstealthy
A: retaliatory headbutt, horns 2, thin metallic scales 1, frail 1, shaggy fur 1,
teleportitis 1
a: Upheaval, Elemental Force, Disaster Area, Renounce Religion, Evoke Flight
}: 3/15 runes: decaying, slimy, gossamer


You were on level 4 of the Vaults.
You worshipped Qazlal.
Qazlal was extremely pleased with you.
You were hungry.

You visited 9 branches of the dungeon, and saw 48 of its levels.
You also visited: Labyrinth and Ice Cave.

You collected 4209 gold pieces.
You spent 1686 gold pieces at shops.

Inventory:

Hand Weapons
 F - a +0 blowgun
 N - the +7 great mace of Defenestration (weapon) {speed, MP+9 Int+3 Dex+6}
   (You found it on level 14 of the Dungeon)

   Attacks with this weapon are significantly faster.
   It affects your intelligence (+3).
   It affects your dexterity (+6).
   It affects your magic capacity (+9).
Missiles
 G - 12 curare-tipped needles
Armour
 a - the +7 Kryia's mail coat (worn) {DeviceHeal*2 rC+}
   (You bought it in a shop on level 9 of the Dungeon)

   It protects you from cold.
 c - a +2 hat (worn)
 u - the +0 pair of gloves of Elitism (worn) {Int+2 SInv}
   (You bought it in a shop on level 3 of the Orcish Mines)

   It affects your intelligence (+2).
   It lets you see invisible.
 x - a +0 cloak (worn)
 M - a +2 pair of boots (worn)
Magical Staves
 H - an uncursed staff of energy {!a}
 U - an uncursed staff of wizardry {!a}
Jewellery
 o - an uncursed ring of positive energy
 p - an uncursed amulet of rage
 t - an uncursed amulet of clarity
 y - an uncursed ring of positive energy
 z - an uncursed ring of protection from fire
 B - a ring of protection from magic (right hand)
 E - an uncursed ring of protection from cold
 L - a +4 ring of protection
 Q - an uncursed amulet of resist corrosion
 S - the amulet "Toomukoc" (around neck) {Ward +Fly rF+ rN+ Dex-2 SInv}
   (You found it on level 6 of the Pits of Slime)

   [amulet of warding]

   It may prevent the melee attacks of summoned creatures.
   It affects your dexterity (-2).
   It protects you from fire.
   It protects you from negative energy.
   It lets you see invisible.
   It lets you fly.
 W - the ring "Zatehono" (left hand) {rElec SInv}
   (You found it on level 3 of the Elven Halls)

   [ring of see invisible]

   It insulates you from electricity.
   It lets you see invisible.
Wands
 b - a wand of heal wounds (4)
 A - a wand of digging (9)
 I - a wand of disintegration (0)
 Y - a wand of heal wounds (8)
Scrolls
 h - 6 scrolls of remove curse
 i - 5 scrolls of enchant armour
 l - a scroll of identify
 w - 2 scrolls of teleportation
 O - a scroll of fog
 T - 2 scrolls of magic mapping
 Z - 3 scrolls of blinking
Potions
 f - 4 potions of might
 g - 3 potions of invisibility
 k - 2 potions of berserk rage
 m - 2 potions of haste
 n - 7 potions of curing
 q - 2 potions of resistance
 r - 7 potions of ambrosia
 C - 3 potions of cancellation
 D - a potion of brilliance
 J - a potion of agility
 K - a potion of cure mutation
 P - 2 potions of heal wounds
 V - 2 potions of lignification
Miscellaneous
 d - a lamp of fire
 v - an ornate deck of summoning {the Rangers, drawn: 1}
 R - a box of beasts
Comestibles
 e - 12 bread rations
 j - 6 royal jellies
 s - 9 meat rations
 X - 10 chunks of flesh


   Skills:
 - Level 13.2 Fighting
 - Level 18.8(20.3) Maces & Flails
 - Level 14.1(18.1) Staves
 - Level 2.0 Throwing
 * Level 19.6 Armour
 - Level 13.0 Dodging
 - Level 7.0 Spellcasting
 - Level 4.4 Conjurations
 - Level 5.5 Charms
 - Level 5.9 Necromancy
 - Level 3.6 Translocations
 - Level 4.2 Fire Magic
 - Level 4.9 Air Magic
 - Level 4.0 Poison Magic
 + Level 12.8 Invocations
 - Level 5.3 Evocations


You had 15 spell levels left.
You knew the following spells:

 Your Spells              Type           Power        Failure   Level  Hunger
a - Regeneration          Chrm/Necr      ####......   10%         3    ##.....
b - Animate Skeleton      Necr           N/A          1%          1    None
c - Repel Missiles        Chrm/Air       ###...       4%          2    None
d - Swiftness             Chrm/Air       ###.....     4%          2    None
e - Conjure Flame         Conj/Fire      ###.....     12%         3    ##.....
f - Cure Poison           Pois           ###.......   8%          2    None
g - Apportation           Tloc           ###.......   6%          1    None
h - Phase Shift           Tloc           ###.......   97%         5    #####..


Dungeon Overview and Level Annotations

Branches:
Dungeon (14/15)            Temple (1/1) D:4            Lair (8/8) D:11
  Swamp (4/4) Lair:4       Spider (4/4) Lair:3        Slime (6/6) Lair:8
    Orc (4/4) D:9             Elf (3/3) Orc:3        Vaults (4/5) D:13
  Crypt (0/3) Vaults:2

Altars:
Cheibriados
Fedhas
Gozag
Kikubaaqudgha
Makhleb
Nemelex Xobeh
Okawaru
Qazlal
Ru
Sif Muna
Trog
Vehumet
Xom
Yredelemnul
The Shining One
Beogh

Shops:
D:8 }   D:9 [(   D:13 }   Orc:3 [   Orc:4 (([(   Vaults:2 }:(

Annotations:
D:4 4thArraOfDagon's ghost, weakling DEFE
D:14 exclusion: ice statue
Swamp:2 exclusion: Roxanne, Roxanne
Spider:3 Mara
Vaults:4 Frederick


Innate Abilities, Weirdness & Mutations

You reflexively headbutt those who attack you in melee.
You have a pair of horns on your head.
You are partially covered in thin metallic scales (AC +2).
You are frail (-10% HP).
You are covered in fur (AC +1).
You are occasionally teleported to nearby monsters.


Message History

Unknown command.
Read which item? (? for menu, Esc to quit)
As you read the scroll of teleportation, it crumbles to dust.
You feel strangely unstable.
Your skin stops crawling.
The yaktaur captain shoots a bolt of flame.
The bolt of flame is repelled.
The fire giant points at you and mumbles some strange words.
The fireball explodes!
The fireball engulfs you! You resist.
* * * LOW HITPOINT WARNING * * *
Unknown command.
Unknown command.
Frederick casts a spell at you. The iron shot hits you!
* * * LOW HITPOINT WARNING * * *
The yaktaur captain shoots a bolt of flame.
The bolt of flame misses you.
The spellforged servitor gestures at you while chanting.
The iron shot hits you!
You die...

#.....##...#.#
.......##....##.......#
##...#####...##.......#
$#...#$......##.......#
##...##########.......#
####'##########.......#
................§.....#
............c§.§......#
............c§..@(§(..#
.........).)cC§(.8.@..#
.........))##########.#
########...# #N.N#
#..c# #..§# #..e#
#.†.'..W...


You could see Frederick, a fire giant, a yaktaur captain and 2 yaktaurs.

Vanquished Creatures
  the royal jelly (Slime:6)
  A bone dragon (Swamp:4)
  The ghost of Protee the Demonic Aeon, an adept DsTm of Cheibriados (Vaults:2)
  Asterion (Vaults:1)
  2 deep elf master archers (Elf:3)
  3 deep elf blademasters (Elf:3)
  A sphinx (Vaults:4)
  18 acid blobs
  3 thorn hunters
  Agnes (Elf:1)
  7 azure jellies
  3 vault wardens
  A fire giant (Vaults:4)
  An orc warlord (Vaults:3)
  Donald (Vaults:3)
  Maud (D:10)
  7 deep elf sorcerers (Elf:3)
  5 emperor scorpions (Spider:4)
  4 ghost moths (Spider:4)
  7 ironheart preservers
  6 stone giants
  A very ugly thing (Vaults:4)
  4 deep elf demonologists
  3 salamander stormcallers
  10 deep elf annihilators
  6 deep elf death magi
  Snorg (Orc:3)
  9 death oozes
  10 ogre magi
  A fire dragon (Vaults:3)
  2 vault guards (Vaults:1)
  3 deep elf high priests
  An ettin (Vaults:4)
  3 entropy weavers
  8 great orbs of eyes
  A rakshasa (D:13)
  Fannar (D:10)
  Harold (Orc:3)
  2 yaktaur captains
  3 ghost crabs
  An ice dragon (Vaults:4)
  8 hydras
  Erica (D:11)
  5 centaur warriors
  12 alligators
  Erolcha (D:9)
  A catoblepas (Lair:8)
  A deep troll shaman (Lair:8)
  4 deep elf knights
  3 deep troll earth magi
  11 death yaks
  A fire crab (shapeshifter) (Vaults:2)
  A hell knight (Vaults:4)
  An orc high priest (Elf:3)
  4 skeletal warriors (D:12)
  A shadow wraith (Vaults:2)
  2 giant orange brains
  5 swamp dragons
  10 ironbrand convokers
  An unseen horror (D:14)
  A phantasmal warrior (Swamp:4)
  10 deep elf conjurers
  9 deep elf summoners
  A death drake (Swamp:4)
  9 hill giants
  3 shambling mangroves
  2 lindwurms
  10 deep trolls
  4 spectral hydras (Swamp:4)
  2 orc sorcerers
  A necromancer (Vaults:4)
  16 orc knights
  13 orb spiders
  4 harpies
  2 wizards
  6 griffons
  3 cyclopes
  23 wolf spiders
  A moth of wrath (Spider:4)
  11 ugly things
  9 hornets
  A hornet (shapeshifter) (Vaults:3)
  A cyclops (shapeshifter) (D:13)
  5 shining eyes
  4 black mambas
  4 elephants (Lair:8)
  6 eyes of devastation
  3 vault sentinels
  2 centaur zombies
  17 spiny frogs
  4 komodo dragons
  A kobold demonologist (D:10)
  20 yaktaurs
  14 deep elf priests
  5 swamp worm zombies (Swamp:4)
  12 demonic crawlers
  A human skeleton (Vaults:4)
  A fire drake (Lair:8)
  4 polar bears
  2 minotaur zombies (Lab)
  3 freezing wraiths
  2 small abominations
  28 two-headed ogres
  9 trolls
  A merfolk (shapeshifter) (Elf:3)
  A queen bee (Lair:5)
  20 jumping spiders
  4 hydra zombies (Swamp:4)
  A spectral swamp dragon (Swamp:4)
  111 slime creatures
  A trapdoor spider zombie (D:14)
  A blink frog (shapeshifter) (Elf:1)
  3 giant leeches
  5 bog bodies (Swamp:4)
  4 alligator zombies (Swamp:4)
  8 boulder beetles
  11 trapdoor spiders
  12 blink frogs
  A human (shapeshifter) (Vaults:2)
  32 deep elf fighters
  3 shadows
  3 hogs
  21 redbacks
  22 tarantellas
  6 golden eyes
  2 humans
  30 yaks
  4 basilisks
  A hungry ghost (D:9)
  4 wraiths
  19 deep elf magi
  2 wyverns
  10 hippogriffs
  2 steam dragons
  28 vampire mosquitoes
  4 spriggans
  20 wolves
  5 wargs
  19 insubstantial wisps
  2 mottled dragons
  28 orc warriors
  19 swamp worms
  A soldier ant (D:10)
  8 swamp drakes
  11 phantoms
  8 porcupines
  2 necrophages
  4 sky beasts
  19 spiders
  A deep troll skeleton (Vaults:4)
  42 ogres
  3 swamp dragon zombies (Swamp:4)
  13 water moccasins
  An elf zombie (Vaults:4)
  5 eyes of draining
  11 crocodiles
  2 boggarts (Vaults:3)
  5 centaurs
  6 ice beasts (IceCv)
  19 wasps
  A crocodile (shapeshifter) (Elf:3)
  2 big kobolds
  An earth elemental (Lab)
  A gnoll sergeant (D:11)
  15 giant frogs
  A scorpion (D:8)
  9 wights
  11 killer bees (Lair:5)
  An elf simulacrum (Vaults:4)
  2 wyvern skeletons
  7 electric eels
  5 crimson imps
  A wasp zombie (D:11)
  3 giant frog zombies
  6 hounds
  27 jellies
  A giant frog skeleton (D:11)
  25 orc wizards
  2 centaur skeletons
  19 orc priests
  2 spectral swamp drakes (Swamp:4)
  13 iguanas
  6 worker ants
  5 hell rats (Lair:7)
  33 sheep
  A hound zombie (D:7)
  An ogre skeleton (Lab)
  14 gnolls
  40 river rats
  A swamp drake zombie (Swamp:4)
  2 shadow imps
  6 adders
  12 white imps (Orc:1)
  2 giant geckos
  170 orcs
  A ball python (D:6)
  3 bats (D:3)
  A giant cockroach (D:6)
  2 gnoll zombies (D:9)
  2 hobgoblins
  2 jackals (D:3)
  2 quokkas
  A giant gecko skeleton (D:4)
  2 giant newts
  13 kobolds
  5 briar patches
  8 bushes
  A butterfly (Lair:4)
  3 crawling corpses
  40 fungi
  11 plants
1684 creatures vanquished.

Vanquished Creatures (collateral kills)
  Nikola (Swamp:3)
  Xtahua (Vaults:4)
  Kirke (D:13)
  Aizul (Swamp:4)
  A large abomination (Elf:3)
  A deep elf demonologist (Elf:3)
  A minotaur (Lab)
  A deep elf death mage (Elf:3)
  A hydra (Lair:7)
  2 death yaks (Lair:8)
  A spriggan druid (Swamp:4)
  An orc knight (Vaults:2)
  A deep elf conjurer (Elf:2)
  An ugly thing (D:14)
  A cyclops (Vaults:2)
  2 shining eyes
  A komodo dragon (Lair:8)
  A demonic crawler (Spider:4)
  A deep elf priest (Vaults:2)
  A two-headed ogre (Vaults:1)
  3 bog bodies (Swamp:1)
  4 slime creatures
  A hog (D:13)
  A deep elf mage (Elf:3)
  4 deep elf fighters
  A wolf (Lair:8)
  A swamp worm (Swamp:1)
  2 vampire mosquitoes (Swamp:2)
  An insubstantial wisp (Swamp:2)
  A water moccasin (Lair:8)
  A swamp drake (Swamp:1)
  An ogre (Orc:4)
  3 killer bees (Lair:5)
  A jelly (Lair:8)
  An orc (D:13)
  A fungus (Lair:8)
  A plant (Lair:8)
  A toadstool (Swamp:1)
51 creatures vanquished.

Vanquished Creatures (others)
  A deep elf knight (Elf:1)
  An ugly thing (Vaults:2)
  2 spiny frogs
  A small abomination (Elf:1)
  A slime creature (Swamp:3)
  A vampire mosquito (Swamp:3)
  An insubstantial wisp (Swamp:4)
  A wasp (Swamp:3)
  An orc priest (Vaults:4)
  An orc wizard (D:14)
  An orc (Orc:1)
  A quokka (D:7)
  4 briar patches (Swamp:2)
  9 fungi
  6 plants
32 creatures vanquished.

Grand Total: 1767 creatures vanquished

Notes
Turn   | Place    | Note
--------------------------------------------------------------
     0 | D:1      | 4thArraOfDagon the Minotaur Gladiator began the quest for the Orb.
     0 | D:1      | Reached XP level 1. HP: 18/18 MP: 0/0
   195 | D:4      | Found an iron altar of Okawaru.
   197 | D:4      | Noticed 4thArraOfDagon's ghost (weakling DEFE)
   207 | D:4      | Reached skill level 4 in Staves
   207 | D:4      | Reached XP level 2. HP: 19/25 MP: 1/1
   216 | D:4      | Noticed a phantom
   258 | D:3      | Reached skill level 1 in Armour
   305 | D:3      | Noticed an orc wizard
   319 | D:3      | Killed an orc wizard
   319 | D:3      | Reached XP level 3. HP: 14/31 MP: 2/2
   333 | D:4      | Found a staircase to the Ecumenical Temple.
   338 | Temple   | Entered the Ecumenical Temple
   384 | Temple   | Became a worshipper of Qazlal Stormbringer
   440 | D:5      | Entered Level 5 of the Dungeon
   719 | D:6      | Reached XP level 4. HP: 25/38 MP: 3/3
   727 | D:6      | Reached skill level 5 in Staves
   727 | D:6      | Reached skill level 1 in Invocations
   727 | D:6      | Reached XP level 5. HP: 20/45 MP: 4/4
   779 | D:6      | Noticed an ogre
   791 | D:7      | Noticed a phantom
   822 | D:7      | Killed a phantom
   822 | D:7      | Reached XP level 6. HP: 30/52 MP: 6/6
   889 | D:7      | Reached skill level 6 in Staves
   910 | D:7      | Noticed an ice beast
  1041 | D:7      | Reached XP level 7. HP: 32/60 MP: 7/7
  1155 | D:8      | Reached * piety under Qazlal
  1155 | D:8      | Reached skill level 5 in Armour
  1349 | D:9      | Noticed Erolcha
  1395 | D:8      | Reached skill level 7 in Staves
  1395 | D:8      | Reached skill level 1 in Evocations
  1441 | D:8      | Reached skill level 5 in Fighting
  1441 | D:8      | Reached XP level 8. HP: 54/68 MP: 9/9
  1517 | D:7      | Learned a level 3 spell: Regeneration
  1519 | D:7      | Learned a level 1 spell: Animate Skeleton
  1638 | D:8      | Found Kin Jef's Gadget Emporium.
  1792 | D:9      | Found Kopo's Armour Emporium.
  1793 | D:9      | Found a staircase to the Orcish Mines.
  1796 | D:9      | Found Tyfidixy's Weapon Emporium.
  1831 | D:8      | Reached ** piety under Qazlal
  1870 | D:9      | Killed Erolcha
  1870 | D:9      | Reached skill level 8 in Staves
  1870 | D:9      | Reached XP level 9. HP: 75/75 MP: 9/11
  1885 | D:9      | Gained mutation: Your system is resistant to poisons. [mutagenic meat]
  1886 | D:9      | Gained mutation: You are partially covered in thin metallic scales (AC +2). [mutagenic meat]
  1887 | D:9      | Gained mutation: Your body sometimes deteriorates upon taking damage. [mutagenic meat]
  1920 | D:9      | Found a shimmering altar of Xom.
  1945 | D:9      | Found a shimmering altar of Xom.
  1945 | D:9      | Found a shimmering altar of Xom.
  1946 | D:9      | Found a shimmering altar of Xom.
  1946 | D:9      | Found a shimmering altar of Xom.
  1953 | D:8      | Noticed a human
  1954 | D:8      | Noticed a hog
  1967 | D:8      | Killed a human
  1967 | D:8      | Reached skill level 9 in Staves
  1972 | D:8      | Killed a hog
  2088 | D:9      | Noticed a deep elf mage
  2100 | D:9      | Killed a deep elf mage
  2275 | D:9      | Gained mutation: Your mind is acute. (Int +2) [mutagenic meat]
  2276 | D:9      | Gained mutation: Armour fits poorly on your strangely shaped body. [mutagenic meat]
  2309 | D:9      | Found a snail-covered altar of Cheibriados.
  2365 | D:9      | Reached skill level 10 in Staves
  2367 | D:9      | Reached XP level 10. HP: 86/86 MP: 12/12
  2430 | D:9      | Found a basalt altar of Yredelemnul.
  2493 | D:10     | Entered Level 10 of the Dungeon
  2537 | D:10     | Reached skill level 5 in Invocations
  2570 | D:10     | Reached *** piety under Qazlal
  2721 | D:11     | Noticed Erica
  2780 | D:10     | Noticed a hill giant
  2792 | D:10     | Killed a hill giant
  2792 | D:10     | Reached skill level 10 in Armour
  2850 | D:10     | Learned a level 2 spell: Repel Missiles
  2853 | D:10     | Learned a level 2 spell: Swiftness
  3022 | D:10     | Found a runed door.
  3057 | D:10     | Noticed an orc knight
  3103 | D:10     | Killed an orc knight
  3113 | D:10     | Reached skill level 11 in Staves
  3192 | D:11     | Noticed a cyclops
  3193 | D:11     | Noticed Fannar
  3482 | D:10     | Found a roughly hewn altar of Beogh.
  3647 | Orc:1    | Entered Level 1 of the Orcish Mines
  3752 | Orc:1    | Reached **** piety under Qazlal
  3849 | Orc:1    | Found a frozen archway.
  3868 | IceCv    | Entered an ice cave
  4030 | Orc:2    | Reached skill level 5 in Evocations
  4097 | Orc:2    | Reached XP level 11. HP: 94/94 MP: 14/14
  4218 | Orc:2    | Reached ***** piety under Qazlal
  4328 | Orc:3    | Noticed Harold
  4341 | Orc:3    | Killed Harold
  4416 | Orc:3    | Found a staircase to the Elven Halls.
  4534 | Orc:3    | Noticed Snorg
  4549 | Orc:3    | Killed Snorg
  4604 | Orc:3    | Found Ykupot's Antique Armour Shop.
  4611 | Orc:3    | Bought a pair of spiked gloves for 228 gold pieces
  4611 | Orc:3    | Bought a pair of glowing boots for 108 gold pieces
  4631 | Orc:3    | Identified the cursed +0 pair of gloves of Elitism {Int+2 SInv} (You bought it in a shop on level 3 of the Orcish Mines)
  4956 | Orc:4    | Entered Level 4 of the Orcish Mines
  4975 | Orc:4    | Reached skill level 1 in Charms
  5075 | Orc:4    | Found a roughly hewn altar of Beogh.
  5139 | Orc:4    | Reached skill level 1 in Necromancy
  5189 | Orc:4    | Found a labyrinth entrance.
  5198 | Lab      | Entered a labyrinth
  5479 | Lab      | Noticed a minotaur
  5492 | Lab      | Killed a minotaur
  5492 | Lab      | Reached skill level 12 in Staves
  5492 | Lab      | Reached skill level 1 in Spellcasting
  5504 | Lab      | Got a steaming scale mail
  5523 | Lab      | Identified the cursed +0 scale mail of the Shining One {Int+3} (You found it in a labyrinth)
  5895 | Orc:4    | Noticed an ogre mage
  5936 | Orc:4    | Noticed an ogre mage
  5958 | Orc:4    | Killed an ogre mage
  5958 | Orc:4    | Reached XP level 12. HP: 104/104 MP: 16/16
  6025 | Orc:4    | Killed an ogre mage
  6026 | Orc:4    | Noticed an ogre mage
  6029 | Orc:4    | Killed an ogre mage
  6046 | Orc:4    | Reached ****** piety under Qazlal
  6131 | Orc:4    | Noticed an ogre mage
  6176 | Orc:4    | Killed an ogre mage
  6286 | Orc:4    | Found Judgh's Antique Weapon Boutique.
  6287 | Orc:4    | Found Naochooc's Antique Weapon Emporium.
  6287 | Orc:4    | Found Yxkienit's Weapon Shop.
  6287 | Orc:4    | Found Kaler's Armour Emporium.
  6296 | Orc:4    | seriously
  6298 | Orc:4    | Bought a glowing quarterstaff for 104 gold pieces
  6401 | D:9      | Bought the +7 Kryia's mail coat {DeviceHeal*2 rC+} for 742 gold pieces
  6414 | D:9      | Found a shimmering altar of Xom.
  6458 | D:8      | Bought a wand of heal wounds (2) for 504 gold pieces
  6543 | Elf:1    | Entered Level 1 of the Elven Halls
  6642 | Elf:1    | Noticed Agnes
  6644 | Elf:1    | Killed Agnes
  6644 | Elf:1    | Reached skill level 13 in Staves
  6918 | Elf:1    | Noticed a deep elf death mage
  6918 | Elf:1    | Reached XP level 13. HP: 65/111 MP: 9/17
  6951 | Elf:1    | Killed a deep elf death mage
  6958 | Elf:1    | Killed a ghostly deep elf death mage
  6959 | Elf:1    | Noticed a deep elf annihilator
  6968 | Elf:1    | Killed a deep elf annihilator
  7163 | Elf:1    | Noticed a deep elf demonologist
  7165 | Elf:1    | Noticed a reaper
  7169 | Elf:1    | Killed a deep elf demonologist
  7201 | Elf:1    | Noticed a deep elf high priest
  7214 | Elf:1    | Killed a deep elf high priest
  7234 | Elf:1    | Reached skill level 5 in Necromancy
  7496 | Elf:3    | Entered Level 3 of the Elven Halls
  7604 | Elf:3    | Reached skill level 5 in Charms
  7606 | Elf:3    | Reached skill level 14 in Staves
  7852 | Elf:3    | Noticed a deep elf annihilator
  7855 | Elf:3    | Learned a level 3 spell: Conjure Flame
  7883 | Elf:3    | Killed a deep elf annihilator
  7906 | Elf:3    | Reached skill level 1 in Conjurations
  7912 | Elf:3    | Reached skill level 1 in Fire Magic
  7912 | Elf:3    | Reached XP level 14. HP: 45/118 MP: 16/19
  7914 | Elf:3    | Noticed a deep elf master archer
  7915 | Elf:3    | Noticed a deep elf sorcerer
  7931 | Elf:3    | Killed a deep elf sorcerer
  7946 | Elf:3    | Noticed a deep elf blademaster
  7984 | Elf:3    | Found a radiant altar of Vehumet.
  8041 | Elf:3    | Noticed a deep elf annihilator
  8079 | Elf:3    | Killed a deep elf annihilator
  8096 | Elf:3    | Noticed a deep elf demonologist
  8112 | Elf:3    | Killed a deep elf demonologist
  8260 | Elf:3    | Killed a deep elf blademaster
  8328 | Elf:3    | Noticed a deep elf demonologist
  8377 | Elf:3    | Killed a deep elf demonologist
  8456 | Elf:3    | Noticed a deep elf demonologist
  8460 | Elf:3    | Noticed an Ice Fiend
  8475 | Elf:3    | Killed an Ice Fiend
  8480 | Elf:3    | Killed a deep elf demonologist
  8488 | Elf:3    | Noticed a deep elf annihilator
  8492 | Elf:3    | Noticed a deep elf annihilator
  8493 | Elf:3    | Noticed a deep elf demonologist
  8497 | Elf:3    | Noticed a deep elf sorcerer
  8498 | Elf:3    | Killed a deep elf demonologist
  8500 | Elf:3    | Noticed a deep elf sorcerer
  8517 | Elf:3    | Killed a deep elf annihilator
  8520 | Elf:3    | Killed a deep elf annihilator
  8522 | Elf:3    | Noticed a deep elf master archer
  8530 | Elf:3    | Killed a deep elf master archer
  8531 | Elf:3    | Killed a deep elf sorcerer
  8534 | Elf:3    | Killed a deep elf sorcerer
  8573 | Elf:3    | Noticed a deep elf sorcerer
  8578 | Elf:3    | Killed a deep elf sorcerer
  8578 | Elf:3    | Reached skill level 5 in Spellcasting
  8599 | Elf:3    | Noticed a deep elf blademaster
  8626 | Elf:3    | Killed a deep elf blademaster
  8638 | Elf:3    | Noticed a deep elf annihilator
  8645 | Elf:3    | Killed a deep elf annihilator
  8646 | Elf:3    | Noticed a deep elf annihilator
  8652 | Elf:3    | Killed a deep elf annihilator
  8660 | Elf:3    | Killed a deep elf master archer
  8684 | Elf:3    | Noticed a deep elf sorcerer
  8692 | Elf:3    | Killed a deep elf sorcerer
  8695 | Elf:3    | Got a shimmering long sword {vamp}
  8721 | Elf:3    | Noticed a deep elf sorcerer
  8736 | Elf:3    | Killed a deep elf sorcerer
  8736 | Elf:3    | Reached XP level 15. HP: 50/125 MP: 7/24
  8743 | Elf:3    | Noticed a deep elf sorcerer
  8766 | Elf:3    | Killed a deep elf sorcerer
  8767 | Elf:3    | Noticed a deep elf annihilator
  8788 | Elf:3    | Killed a deep elf annihilator
  8795 | Elf:3    | Noticed a deep elf blademaster
  8802 | Elf:3    | Killed a deep elf blademaster
  8804 | Elf:3    | Noticed a deep elf annihilator
  8808 | Elf:3    | Killed a deep elf annihilator
  8948 | Elf:3    | Noticed a deep elf annihilator
  8982 | Elf:3    | Killed a deep elf annihilator
  9025 | Elf:3    | Identified the Handbook of Stolen Souls
  9032 | Elf:3    | Learned a level 2 spell: Cure Poison
  9043 | Elf:3    | Learned a level 1 spell: Apportation
  9094 | Elf:3    | Got a slimy platinum ring
  9102 | Elf:3    | Identified Serch's Collected Works on Torrid Attacks
  9115 | Elf:3    | Got a crude bardiche
  9122 | Elf:3    | Identified the ring "Zatehono" {rElec SInv} (You found it on level 3 of the Elven Halls)
  9125 | Elf:3    | Identified the cursed +1 bardiche of the Countless Spirits {elec, +Inv MR++ Str+4 Dex-4} (You found it on level 3 of the Elven Halls)
  9133 | Elf:3    | Learned a level 5 spell: Phase Shift
  9259 | Elf:2    | Reached skill level 10 in Fighting
  9410 | D:10     | Killed Fannar
  9420 | D:11     | Killed a cyclops
  9429 | D:11     | Killed Erica
  9433 | D:11     | Noticed a hill giant
  9443 | D:11     | Noticed a hill giant
  9451 | D:11     | Killed a hill giant
  9458 | D:11     | Killed a hill giant
  9629 | D:11     | Got a transparent iron ring
  9634 | D:11     | Identified the ring of Xom's Bemusement {SInv Stlth+} (You found it on level 11 of the Dungeon)
 10100 | D:13     | Noticed Kirke
 10115 | D:13     | Killed Kirke
 10170 | D:13     | Reached skill level 10 in Invocations
 10208 | D:13     | Reached XP level 16. HP: 109/136 MP: 17/25
 10533 | D:14     | Reached skill level 15 in Armour
 10560 | D:14     | Got a brightly glowing great mace
 10567 | D:14     | Identified the +7 great mace of Defenestration {speed, MP+9 Int+3 Dex+6} (You found it on level 14 of the Dungeon)
 10594 | D:14     | Reached skill level 1 in Maces & Flails
 11044 | D:10     | Noticed Maud
 11055 | D:10     | Killed Maud
 11068 | D:10     | Lost mutation: Your mind is acute. (Int +2) [potion of cure mutation]
 11068 | D:10     | Lost mutation: Your system is resistant to poisons. [potion of cure mutation]
 11068 | D:10     | Lost mutation: Your body sometimes deteriorates upon taking damage. [potion of cure mutation]
 11068 | D:10     | Lost mutation: Armour fits poorly on your strangely shaped body. [potion of cure mutation]
 11585 | D:11     | Reached skill level 5 in Maces & Flails
 11709 | D:11     | Found a staircase to the Lair.
 11714 | Lair:1   | Entered Level 1 of the Lair of Beasts
 11945 | Lair:3   | Reached skill level 1 in Air Magic
 12366 | Lair:5   | Reached XP level 17. HP: 144/144 MP: 24/26
 12693 | Lair:8   | Entered Level 8 of the Lair of Beasts
 12831 | Lair:8   | Found a staircase to the Slime Pits.
 13161 | Lair:8   | Reached skill level 10 in Maces & Flails
 13237 | Lair:8   | Reached skill level 1 in Poison Magic
 13826 | Lair:4   | Found a staircase to the Swamp.
 13860 | Swamp:1  | Entered Level 1 of the Swamp
 14431 | Swamp:2  | Reached skill level 1 in Translocations
 14589 | Swamp:2  | Noticed Roxanne
 14855 | Swamp:4  | Entered Level 4 of the Swamp
 14953 | Swamp:4  | Noticed Aizul
 14977 | Swamp:4  | Killed Aizul
 14990 | Swamp:4  | Your ally Aizul died
 15020 | Swamp:4  | Reached XP level 18. HP: 99/151 MP: 27/27
 15359 | Swamp:4  | Noticed a bone dragon
 15380 | Swamp:4  | Killed a bone dragon
 15475 | Swamp:4  | Got a decaying rune of Zot
 15525 | Swamp:3  | Noticed Nikola
 15563 | Swamp:3  | Killed Nikola
 15623 | Swamp:3  | Your ally Nikola died
 15631 | Swamp:3  | Reached skill level 15 in Maces & Flails
 16060 | Lair:3   | Found a hole to the Spider Nest.
 16084 | Spider:1 | Entered Level 1 of the Spider Nest
 16295 | Spider:1 | Reached skill level 16 in Maces & Flails
 16744 | Spider:3 | Noticed Mara
 16755 | Spider:2 | Reached skill level 17 in Maces & Flails
 16869 | Spider:4 | Entered Level 4 of the Spider Nest
 17005 | Spider:4 | Reached skill level 18 in Maces & Flails
 17137 | Spider:4 | Reached XP level 19. HP: 120/156 MP: 0/28
 17493 | Spider:4 | Got a gossamer rune of Zot
 17779 | Slime:1  | Entered Level 1 of the Pits of Slime
 17863 | Slime:1  | Paralysed by a great orb of eyes for 2 turns
 17869 | Slime:1  | Paralysed by a great orb of eyes for 4 turns
 17987 | Slime:3  | Gained mutation: You are agile. (Dex +2) [a shining eye]
 18065 | Slime:4  | Gained mutation: Your magical capacity is low (-10% MP). [a shining eye]
 18066 | Slime:4  | Gained mutation: You are frail (-10% HP). [a shining eye]
 18074 | Slime:4  | Gained mutation: You are weak. (Str -2) [a shining eye]
 18075 | Slime:4  | Gained mutation: Potions and wands are less effective at restoring your health. [a shining eye]
 18118 | Slime:4  | Lost mutation: You are agile. (Dex +2) [potion of cure mutation]
 18118 | Slime:4  | Lost mutation: You are weak. (Str -2) [potion of cure mutation]
 18118 | Slime:4  | Lost mutation: Your magical capacity is low (-10% MP). [potion of cure mutation]
 18119 | Slime:4  | Lost mutation: You are frail (-10% HP). [potion of cure mutation]
 18119 | Slime:4  | Lost mutation: Potions and wands are less effective at restoring your health. [potion of cure mutation]
 18397 | Slime:6  | Entered Level 6 of the Pits of Slime
 18673 | Slime:6  | Noticed the royal jelly
 18684 | Slime:5  | Reached skill level 10 in Dodging
 19124 | Slime:6  | Killed the royal jelly
 19124 | Slime:6  | Reached XP level 20. HP: 107/168 MP: 10/29
 19264 | Slime:6  | Got a coiled sapphire amulet
 19292 | Slime:6  | Identified the amulet "Toomukoc" {Ward +Fly rF+ rN+ Dex-2 SInv} (You found it on level 6 of the Pits of Slime)
 19322 | Slime:6  | Got a slimy rune of Zot
 19852 | D:13     | Found Xuetsiaps's Gadget Shop.
 19951 | D:13     | Found a gate to the Vaults.
 19966 | Vaults:1 | Entered Level 1 of the Vaults
 20503 | Vaults:1 | Noticed Asterion
 20520 | Vaults:1 | Killed Asterion
 20524 | Vaults:1 | Gained mutation: You are covered in fur (AC +1). [potion of mutation]
 20524 | Vaults:1 | Gained mutation: You are frail (-10% HP). [potion of mutation]
 20524 | Vaults:1 | Gained mutation: You are occasionally teleported to nearby monsters. [potion of mutation]
 20557 | Vaults:2 | Found Kimeo's Antique Weapon Boutique.
 20657 | Vaults:2 | Found Acoiqaq's Book Shop.
 20736 | Vaults:2 | Noticed Protee's ghost (adept DsTm)
 20801 | Vaults:2 | Killed Protee's ghost
 20991 | Vaults:2 | Found Quschy's Gadget Emporium.
 21315 | Vaults:2 | Found a staircase to the Crypt.
 21315 | Vaults:2 | Found a basalt altar of Yredelemnul.
 21316 | Vaults:2 | Found an ancient bone altar of Kikubaaqudgha.
 21383 | Vaults:3 | Noticed Donald
 21403 | Vaults:3 | Killed Donald
 21648 | Vaults:4 | Reached XP level 21. HP: 107/159 MP: 6/30
 21768 | Vaults:4 | Reached skill level 19 in Armour
 21981 | Vaults:4 | Noticed Xtahua
 22009 | Vaults:4 | Killed Xtahua
 22062 | Vaults:4 | Your ally Xtahua died
 22101 | Vaults:4 | Noticed Frederick
 22104 | Vaults:4 | Killed from afar by a spellforged servitor

Vault maps used:
D:1:      dpeg_arrival_shrine, kennysheep_crisscross, minmay_liquid_box,
          minmay_misc_feat_columns
D:3:      guppyfry_early_orc_mine
D:4:      lemuel_crystal_altar, first_bread, okawaru_ov_weapons_minmay
D:5:      uniq_grinder
D:6:      basic_altar
D:7:      elyvilon_altar_4, zin_treasury, gammafunk_temple_overflow_pools,
          uniq_pikel, uniq_duvessa
D:8:      serial_shops, nicolae_shop_stone, grunt_livestock,
          kennysheep_generic_room_12
D:9:      xom_redecorated, cheibriados_altar_1, lemuel_zombie_altar_yredelemnul,
          orc_david_3, hangedman_corner_corridor, uniq_erolcha
D:10:     lightli_church_of_beogh, uniq_maud
D:11:     erik_lair_dragon, uniq_fannar, uniq_erica
D:12:     serial_undead, serial_undead_a, serial_undead_d, serial_undead_f,
          serial_undead_b
D:13:     david_vaults_4, serial_shops, shop, uniq_kirke
D:14:     kennysheep_cluttered_room, minivault_15
Temple:   triangle_lava_temple_11
Lair:1:   hibernation_bobbens, grunt_megastairs_2, serial_bayou_shore_b,
          serial_bayou_shore_b
Lair:3:   nicolae_spider_entry_orb_guardian, pf_torpor_hydra
Lair:4:   minmay_swamp_entry_swarm, lemuel_fruit_fields, lemuel_fruit_fields
Lair:5:   special_room, infiniplex_staircase_pool_2, serial_bayou_shore_b
Lair:7:   lemuel_fruit_tree
Lair:8:   grunt_lair_end_beastmaster, minmay_slime_entry_pillars
Swamp:1:  cheibrodos_swamp_tower_of_moss, evilmike_swamp_ruin_rubble_1,
          swamp_pool2
Swamp:2:  evilmike_swamp_ruin_house_2, swamp_pool5,
          hangedman_swamp_double_dragon, uniq_roxanne
Swamp:3:  nicolae_swamp_trees_clearing, swamp_pool1, uniq_nikola
Swamp:4:  swamp_pestilence, uniq_aizul
Spider:2: guppyfry_wasp_nest
Spider:3: nicolae_spider_cling_ruins, uniq_mara
Spider:4: guppyfry_spider_rune, hangedman_spider_tarantella_strand
Slime:2:  cheibrodos_slime_lost_civilization_5
Slime:5:  cheibrodos_slime_lost_civilization_7
Orc:1:    portal_ice_cave_entry_imps
Orc:3:    serial_shops, nicolae_shop_stone, nicolae_orc_pool_cavern,
          uniq_harold, uniq_snorg
Orc:4:    st_orc_ogre_mass, lab_entry_generic, basic_altar, rock_pile
Elf:1:    hangedman_elf_represent, uniq_agnes
Elf:2:    uniq_saint_roka, uniq_azrael, uniq_jorgrun
Elf:3:    minmay_elf_hall_four_x, serial_shops,
          nicolae_shop_temple_entry_statues_fountains, basic_altar
Vaults:1: grunt_vaults_bifocal, v_misc_12, hangedman_vaults_pinch,
          nicolae_vaults_circle_grid_a, st_cells, uniq_asterion
Vaults:2: kb_rosetta, minmay_crypt_entry_necro_gods,
          hangedman_vaults_river_flow, hangedman_vaults_stitches,
          hangedman_vaults_trim, vaults_room_door_hall,
          vaults_standard_mumra_enter_the_diamond,
          vaults_mumra_minichess_inversion, ontoclasm_vaults_ring_large,
          nicolae_vaults_little_squares_5, ontoclasm_vaults_ring_large,
          ontoclasm_vaults_decontamination, serial_shops,
          nicolae_shop_statue_plus, nicolae_shop_trees, nicolae_shop_crystal
Vaults:3: grunt_vaults_funnel, ontoclasm_vaults_pinch, v_pattern_5,
          hangedman_vaults_nails, vaults_room_pools, vaults_room_door_hall,
          v_misc_8, nicolae_vaults_diagonal_hallway_6, v_misc_26,
          hangedman_vaults_maws, v_misc_19, special_room_vaults,
          v_alt_pattern_1, serial_shops, statue_bzr, uniq_donald
Vaults:4: nicolae_vaults_arrows, nicolae_vaults_circle_grid_b, v_misc_28,
          nicolae_vaults_alarming, v_pattern_2, st_spiral_rooms,
          vaults_room_fours, vaults_mumra_minichess, vaults_room_door_ring,
          grunt_vaults_hallway_long, uniq_frederick, uniq_margery, uniq_xtahua
Lab:      labyrinth_hidden_loot, nicolae_lab_arrow, nicolae_lab_swirl,
          nicolae_lab_checkerboard, nicolae_lab_blocks,
          labyrinth_skeletal_remains
IceCv:    ice_cave_statue_garden_02

Action                   |  1- 3 |  4- 6 |  7- 9 | 10-12 | 13-15 | 16-18 | 19-21 || total
-------------------------+-------+-------+-------+-------+-------+-------+-------++-------
Melee: Quarterstaff      |    39 |    78 |   287 |   688 |       |       |       ||  1092
       Lajatang          |       |       |       |    98 |   806 |   101 |       ||  1005
       Great mace        |       |       |       |       |       |  1751 |  1556 ||  3307
Throw: Throwing net      |     4 |       |       |       |    11 |       |       ||    15
 Cast: Regeneration      |       |       |       |     9 |    80 |   166 |   159 ||   414
       Animate Skeleton  |       |       |       |     5 |    28 |    41 |    12 ||    86
       Apportation       |       |       |       |       |       |    41 |    18 ||    59
       Cure Poison       |       |       |       |       |       |    18 |     6 ||    24
Invok: Upheaval          |       |       |       |     5 |     4 |    14 |     8 ||    31
       Elemental Force   |       |       |       |     1 |     6 |     5 |     8 ||    20
       Disaster Area     |       |       |       |       |       |     2 |     5 ||     7
 Abil: Evoke Berserk Rag |       |       |     8 |    25 |    11 |     2 |     2 ||    48
Evoke: Wand              |       |       |       |     1 |    11 |     9 |     4 ||    25
       Deck              |       |       |       |       |       |     1 |       ||     1
  Use: Scroll            |     4 |     1 |       |    18 |     7 |    16 |     6 ||    52
       Potion            |     1 |       |       |       |     4 |     9 |     6 ||    20
 Stab: Held in net/web   |     2 |       |       |       |     3 |       |       ||     5
       Distracted        |       |       |       |       |     3 |     1 |     3 ||     7
       Petrified         |       |       |       |       |       |     3 |       ||     3
       Confused          |       |       |       |       |       |     1 |       ||     1
  Eat: Chunk             |       |     1 |    18 |    30 |    21 |    13 |    15 ||    98
       Fruit             |       |       |       |     3 |     2 |    16 |       ||    21
       Royal jelly       |       |       |       |     1 |     1 |     1 |     4 ||     7
       Beef jerky        |       |       |       |     1 |       |     6 |       ||     7
       Bread ration      |       |       |       |     1 |     1 |       |       ||     2
       Pizza             |       |       |       |       |     2 |     1 |     6 ||     9
       Meat ration       |       |       |       |       |       |     1 |       ||     1
